 Dungeon Crawl Stone Soup version 0.23-a0-713-ge59bbb1 (webtiles) character file.

7 DrEnzyme the Vexing (level 1, -2/17 HPs)
             Began as a Mummy Wanderer on Jan 15, 2019.
             Slain by a gnoll
             ... wielding a +0 spear
              (6 damage)
             ... on level 1 of the Dungeon.
             The game lasted 00:01:27 (75 turns).

DrEnzyme the Vexing (Mummy Wanderer)                  Turns: 75, Time: 00:01:27

Health: -2/17      AC:  3    Str: 13    XL:     1   Next: 83%
Magic:  2/2        EV: 11    Int: 11    God:
Gold:   11         SH:  0    Dex: 13    Spells: 1/2 levels left

rFire    x . .     SeeInvis .   c - +0 spear
rCold    + . .     Gourm    .   (no shield)
rNeg     + + +     Faith    .   d - +1 robe
rPois    ∞         Spirit   .   (no helmet)
rElec    .         Reflect  .   (no cloak)
rCorr    .         Harm     .   (no gloves)
MR       .....                  (no boots)
Stlth    ++........             (no amulet)
HPRegen  0.05/turn              (no ring)
MPRegen  0.08/turn              (no ring)

@: no status effects
A: no food or potions, fire vulnerability, cold resistance 1, negative energy
resistance 3, torment resistance, unbreathing
a: no special abilities


You were on level 1 of the Dungeon.
You were not hungry.

You visited 1 branch of the dungeon, and saw 1 of its levels.

You collected 11 gold pieces.

Inventory:

Hand Weapons
 c - a +0 spear (weapon)
Armour
 d - a +1 robe (worn)
Wands
 a - a wand of flame (11)


   Skills:
 * Level 2.6 Fighting
 - Level 1.0 Stealth
 - Level 1.3 Spellcasting
   Level 2.6 Hexes
   Level 1.0 Earth Magic
 - Level 1.5 Evocations


You had one spell level left.
You knew the following spells:

 Your Spells              Type           Power        Failure   Level  Hunger
a - Apportation           Tloc           #.....       30%         1    N/A

Your spell library contained the following spells:

 Spells                   Type           Power        Failure   Level  Hunger
 Recall                   Summ/Tloc      N/A          67%         3    N/A

Dungeon Overview and Level Annotations

Branches:
Dungeon (1/15)

Altars:


Innate Abilities, Weirdness & Mutations

You do not eat or drink.
Your flesh is vulnerable to fire.
You are immune to poison.
Your flesh is cold resistant. (rC+)
You are immune to negative energy. (rN+++)
You are immune to unholy pain and torment.
You can survive without breathing.


Message History

Aim: a kobold, wielding a +0 club (moderately wounded)
The puff of flame hits the kobold.
You kill the kobold!
The gnoll barely misses you.
There are monsters nearby!
Evoke which item? (* to show all) (? for menu, Esc to quit)
Aiming: Throw Flame
Press: ? - help, Shift-Dir - straight line, f - gnoll
Aim: a gnoll, wielding a +0 spear The puff of flame hits the hobgoblin.
The hobgoblin is severely wounded.
The gnoll barely misses you. The hobgoblin misses you.
Evoke which item? (* to show all) (? for menu, Esc to quit)
Aiming: Throw Flame
Press: ? - help, Shift-Dir - straight line, f/p - gnoll
Aim: a gnoll, wielding a +0 spear The puff of flame hits the hobgoblin.
You kill the hobgoblin!
The gnoll hits you from afar with a +0 spear.
You die...

####.#.)##...≈..≈≈≈..≈...
........#.....≈≈≈≈≈≈≈....
.###.##.....≈≈≈≈...≈≈≈≈..
.. #...≈≈≈≈≈..<..≈≈≈≈≈ ..#
##....≈≈≈≈...≈≈≈≈.! ?
##...%.≈≈≈≈≈≈≈....
##...≈..≈≈≈..≈...
#8..≈....≈....≈..
#.####.###..@..#..≈..#....
#......##.g).####...####..
#.......#.)### ##.## ##
##........$..## ....
####.......###...###.# ##
...........# #.......#
#.......# ##...#.## K
#......b# ##...#..#.##
.....##.######....†......


You could see a gnoll.

Vanquished Creatures
  3 hobgoblins (D:1)
  2 bats (D:1)
  2 kobolds (D:1)
7 creatures vanquished.

Notes
Turn   | Place    | Note
-------+----------+-------------------------------------------
     0 | D:1      | DrEnzyme the Mummy Wanderer began the quest for the Orb.
     0 | D:1      | DrEnzyme set off with the following items: a wand of flame
                  | (15), a +0 spear, a +0 robe; and the following spell
                  | memorised: Apportation; and the following spells available
                  | to memorise: Recall
     0 | D:1      | Reached XP level 1. HP: 16/16 MP: 2/2
    75 | D:1      | Slain by a gnoll

Vault maps used:
D:1:      eino_arrival_water_star, chequers_garden

Action                   || total
-------------------------++-------
Melee: Spear             ||    17
Evoke: Wand              ||     4
  Use: Scroll            ||     1
 Stab: Sleeping          ||     1
Armor: Robe              ||     4
Dodge: Dodged            ||    19

Table legend:
 A = Non-vault XP
 B = Vault XP
 C = Vault XP percentage of total XP
 D = Non-vault monster count
 E = Vault monster count
 F = Vault count percentage of total count
                 A         B        C        D         E       F
            +---------+---------+-------+---------+---------+-------
      Total |      10 |       0 |   0.0 |       7 |       0 |   0.0
            +---------+---------+-------+---------+---------+-------
        D:1 |      10 |       0 |   0.0 |       7 |       0 |   0.0
            +---------+---------+-------+---------+---------+-------
